 Dungeon Crawl Stone Soup version 0.19-a0-1682-g5114f93 (webtiles) character file.

282194 Television the Brawler (level 19, -9/146 HPs)
             Began as a Demonspawn Monk on Sept 24, 2016.
             Was the Champion of Cheibriados.
             Mangled by Donald
             ... wielding a +2 scimitar of holy wrath
              (14 damage)
             ... on level 1 of the Vaults.
             The game lasted 01:48:49 (42885 turns).

Television the Brawler (Demonspawn Monk)           Turns: 42885, Time: 01:48:49

Health: -9/146     AC: 30    Str: 35    XL:     19   Next: 72%
Magic:  31/31      EV: 28    Int: 26    God:    Cheibriados [******]
Gold:   1808       SH:  0    Dex: 31    Spells: 7 memorised, 6 levels left

rFire  + + .     SeeInvis +       - Unarmed
rCold  + . .     Gourm    .     j - +10 plate armour {rF+}
rNeg   + . .     Faith    .     (no shield)
rPois  +         Spirit   .     (helmet unavailable)
rElec  +         Dismiss  .     H - +0 cloak
rCorr  .         Reflect  .     z - +0 pair of gloves of the Morning {rElec rC+}
MR     +....     Harm     .     (no boots)
Stlth  ..........               S - amulet of magic regeneration
                                s - +2 ring of evasion
                                G - ring of poison resistance

@: marked, very slow
A: antennae 3, talons 1, repulsion field 2, see invisible, demonic guardian 2,
dopey 1, fire resistance 1, high mp 1, ignite blood, mutation resistance 1,
negative energy resistance 1, strong 1, flame cloud immunity
a: Bend Time, Temporal Distortion, Slouch, Step From Time, Renounce Religion
}: 2/15 runes: decaying, serpentine


You were on level 1 of the Vaults.
You worshipped Cheibriados.
Cheibriados was exalted by your worship.
You were not hungry.

You visited 7 branches of the dungeon, and saw 33 of its levels.
You also visited: Ice Cave.

You collected 4401 gold pieces.
You spent 2593 gold pieces at shops.

Inventory:

Hand Weapons
 m - the +7 lajatang of Order {silver, rMut}
   (You found it on level 1 of the Snake Pit)

   It protects you from mutation.
 I - a +0 blowgun
 Q - a +2 longbow of velocity
Missiles
 q - 1357 arrows
 J - 16 curare-tipped needles
Armour
 j - a +10 plate armour of fire resistance (worn)
 z - the +0 pair of gloves of the Morning (worn) {rElec rC+}
   (You acquired it on level 11 of the Dungeon)

   It protects you from cold.
   It insulates you from electricity.
 H - a +0 cloak (worn)
Jewellery
 n - an uncursed ring of resist corrosion
 s - a +2 ring of evasion (right hand)
 E - an uncursed ring of protection from cold
 G - a ring of poison resistance (left hand)
 L - an uncursed ring of wizardry
 S - an amulet of magic regeneration (around neck)
 V - an uncursed ring of protection from fire
Wands
 d - a wand of iceblast (9/15)
 h - a wand of enslavement (16/24)
 t - a wand of heal wounds (2/9)
 w - a wand of teleportation (2/9)
 C - a wand of disintegration (8/24)
 K - a wand of teleportation (3/9)
 M - a wand of heal wounds (7/9)
 N - a wand of digging (7/24)
 P - a wand of iceblast (5/15)
 U - a wand of heal wounds (4/9)
 X - a wand of digging (5/24)
Scrolls
 c - 9 scrolls of teleportation
 e - a scroll of summoning
 l - a scroll of silence
 p - 2 scrolls of enchant armour
 r - 6 scrolls of blinking
 u - 5 scrolls of recharging
 y - a scroll of immolation
 D - 9 scrolls of remove curse
 O - 4 scrolls of magic mapping
 Y - 7 scrolls of identify
 Z - a scroll of fog
Potions
 a - 7 potions of curing
 f - 5 potions of might
 i - 2 potions of cancellation
 k - 3 potions of resistance
 v - a potion of magic
 x - 2 potions of cure mutation
 A - 6 potions of brilliance
 B - 4 potions of flight
 F - 4 potions of ambrosia
 R - 6 potions of agility
Books
 g - a book of Death

   Spells                             Type                      Level
   a - Corpse Rot                     Necromancy                   2
   b - Sublimation of Blood           Necromancy                   2
   c - Agony                          Necromancy                   5
   d - Dispel Undead                  Necromancy                   5
   e - Excruciating Wounds            Charms/Necromancy            5
   f - Bolt of Draining               Conjuration/Necromancy       5
Miscellaneous
 W - a box of beasts
Comestibles
 b - 16 bread rations
 o - 12 meat rations
 T - 31 fruits


   Skills:
 + Level 12.1 Fighting
 - Level 13.1 Bows
 * Level 13.2 Armour
 * Level 13.9 Dodging
 - Level 1.7 Stealth
 - Level 16.1 Unarmed Combat
 - Level 6.5 Spellcasting
 - Level 5.6 Translocations
 - Level 11.1 Transmutations
 - Level 9.3 Invocations


You had 6 spell levels left.
You knew the following spells:

 Your Spells              Type           Power        Failure   Level  Hunger
a - Blink                 Tloc           N/A          6%          2    None
b - Repel Missiles        Chrm/Air       #.....       50%         2    None
c - Statue Form           Tmut/Erth      #####....    100%        6    ######.
d - Blade Hands           Tmut           ######....   12%         5    #####..
e - Sticks to Snakes      Tmut           ######..     1%          2    None
f - Control Undead        Necr           #.........   100%        4    ###....
g - Animate Dead          Necr           N/A          100%        4    ###....


Dungeon Overview and Level Annotations

Branches:
Dungeon (15/15)            Temple (1/1) D:4            Lair (6/6) D:10
  Swamp (4/4) Lair:3        Snake (4/4) Lair:3        Slime (0/5) Lair:6
    Orc (2/2) D:11            Elf (0/3) Orc:2        Vaults (1/5) D:13
 Depths (0/5) D:15

Altars:
Cheibriados
Dithmenos
Elyvilon
Fedhas
Gozag
Hepliaklqana
Kikubaaqudgha
Nemelex Xobeh
Yredelemnul
The Shining One
Beogh

Shops:
D:5 *   D:8 *   D:9 *   Orc:2 *!:[   Snake:1 }!   Snake:3 :

Annotations:
D:11 exclusion: ice statue
Vaults:1 Donald


Innate Abilities, Weirdness & Mutations

You have a pair of large antennae on your head. (SInv)
You are surrounded by a moderate repulsion field. (EV +3)
A demonic guardian rushes to your aid.
Your flesh is heat resistant. (rF+)
Your demonic aura causes spilled blood to erupt in flames.
You resist negative energy. (rN+)
You are immune to clouds of flame.
You have sharp toenails.
You have supernaturally acute eyesight. (SInv)
You are dopey. (Int -2)
You have an increased reservoir of magic. (+10% MP)
You are somewhat resistant to further mutation.
Your muscles are strong. (Str +2)


Message History

The deep elf mage hits your orange demon with a short sword!
The ironbrand convoker hits you but does no damage.
Your orange demon stings the deep elf mage!
Your orange demon hits the deep elf mage but does no damage.
The deep elf mage is engulfed in roaring flames.
The deep elf mage hits your orange demon with a short sword.
Donald is engulfed in roaring flames.
Donald hits you with a scimitar of holy wrath!
* * * LOW HITPOINT WARNING * * *
You convulse!
* * * LOW HITPOINT WARNING * * *
Found a yellowed book and 17 stones.
Items here: ( ))) [[ † Unknown command.
Unknown command.
You feel better.
Donald is engulfed in roaring flames.
Donald hits you with a scimitar of holy wrath!
* * * LOW HITPOINT WARNING * * *
You convulse!
You die...

.#.......#...#
##..##
.#.......#...# #..##
+############# #.##
### # # # ###### #
#...:# #
#..@################
#.(@p'(.e...#......#
#..))#......'......'
#.§4.)).....#......#
#.e§################
#..§( #####


You could see Donald, a deep elf archer, an ironbrand convoker, a deep elf mage
and a friendly orange demon.

Vanquished Creatures
  Vashnia (Snake:2)
  Rupert (D:13)
  Kirke (D:14)
  A tengu reaver (Vaults:1)
  10 greater nagas
  A storm dragon (Vaults:1)
  Roxanne (Snake:2)
  A frost giant (D:15)
  Aizul (Snake:2)
  3 vault wardens (Vaults:1)
  4 ironheart preservers (Vaults:1)
  An orc warlord (Orc:2)
  A dire elephant (Lair:3)
  A deep elf annihilator (Vaults:1)
  Josephine (Lair:4)
  A yaktaur captain (Vaults:1)
  A fire dragon (Vaults:1)
  20 hydras
  An ice dragon (Vaults:1)
  3 vault guards
  20 naga warriors
  Fannar (Lair:2)
  2 ghost crabs (Swamp:4)
  21 anacondas
  5 centaur warriors
  9 alligators
  A death knight (Vaults:1)
  An ogre mage (Vaults:1)
  7 death yaks
  18 shock serpents
  5 orc high priests (Orc:2)
  12 naga sharpshooters
  Sonja (D:11)
  A deep elf knight (Vaults:1)
  A skeletal warrior (Vaults:1)
  4 salamander mystics
  3 spriggan druids
  3 unseen horrors
  12 naga ritualists
  A wizard (D:14)
  10 swamp dragons
  4 hill giants
  2 deep elf archers (Vaults:1)
  5 shambling mangroves
  4 lindwurms (Snake:4)
  A stone giant zombie (Vaults:1)
  2 ironbrand convokers (Vaults:1)
  18 mana vipers
  A necromancer (Vaults:1)
  5 orc sorcerers
  3 manticores
  A hornet (Vaults:1)
  8 orc knights
  26 ugly things
  3 deep elf magi
  7 cyclopes
  17 elephants
  9 salamanders
  67 black mambas
  4 ice statues
  7 vault sentinels (Vaults:1)
  10 guardian serpents
  22 naga magi
  12 spiny frogs
  A yaktaur (Vaults:1)
  6 centaur skeletons
  A kobold demonologist (D:12)
  An efreet (D:15)
  A rime drake (Lair:2)
  2 freezing wraiths
  A yaktaur (shapeshifter) (D:14)
  8 komodo dragons
  2 tengu conjurers (D:15)
  3 meliai (D:14)
  A queen bee (D:8)
  8 trolls
  28 slime creatures
  6 polar bears
  5 two-headed ogres
  A harpy skeleton (D:15)
  7 bog bodies
  6 tyrant leeches
  7 dream sheep
  7 blink frogs
  A stone giant simulacrum (Vaults:1)
  8 hippogriffs
  A meliai zombie (D:14)
  A human simulacrum (Vaults:1)
  18 spriggans
  10 wraiths
  4 shadows
  A redback (Lair:6)
  2 water elementals (D:15)
  A centaur simulacrum (D:15)
  3 fire elementals (Orc:1)
  18 yaks
  4 wyverns
  4 hungry ghosts
  3 hogs (D:14)
  18 wargs
  22 vampire mosquitoes
  A mottled dragon (D:11)
  6 insubstantial wisps (Swamp:4)
  2 soldier ants
  11 swamp worms
  37 nagas
  10 porcupines
  18 water moccasins
  4 hell hounds (Orc:1)
  55 orc warriors
  13 wasps
  8 swamp drakes
  5 sky beasts
  2 black bears
  4 necrophages
  A phantom (D:14)
  35 wolves
  8 boggarts
  2 eyes of draining
  13 ice beasts
  20 centaurs
  21 ogres
  12 crocodiles
  24 bullfrogs
  A wyvern skeleton (D:12)
  45 killer bees
  5 scorpions
  12 wights
  4 electric eels
  A troll skeleton (D:11)
  6 crimson imps
  4 centaur zombies
  8 howler monkeys
  3 jellies
  A quasit (D:8)
  2 human zombies
  34 orc priests
  4 hounds
  A bullfrog skeleton (D:5)
  Terence (D:3)
  A human skeleton (D:11)
  10 iguanas
  31 orc wizards
  13 worker ants
  An ogre skeleton (D:11)
  A hound zombie (D:9)
  2 mummies (D:11)
  2 hound skeletons
  4 gnolls (D:8)
  A howler monkey skeleton (D:7)
  A howler monkey zombie (D:6)
  14 adders
  27 river rats
  3 shadow imps
  3 white imps (D:13)
  4 oozes
  An adder skeleton (D:4)
  A worm (D:6)
  4 leopard geckos
  147 orcs
  5 giant cockroaches
  5 goblins
  4 hobgoblins
  20 jackals
  5 quokkas
  6 bats
  2 frilled lizards
  A jackal skeleton (D:4)
  7 kobolds
  A leopard gecko zombie (D:7)
  An orc zombie (D:11)
  7 rats
  6 briar patches (Swamp:4)
  2 fungi
1439 creatures vanquished.

Vanquished Creatures (collateral kills)
  A thorn hunter (Swamp:4)
  3 greater nagas
  An ironheart preserver (Vaults:1)
  Azrael (Orc:2)
  4 naga warriors
  3 hydras
  2 anacondas
  2 centaur warriors
  An orc high priest (Orc:2)
  A spriggan berserker (Swamp:4)
  2 shock serpents (Snake:4)
  2 naga sharpshooters
  2 salamander mystics (Snake:4)
  A deep elf archer (Vaults:1)
  2 naga ritualists
  A harpy (Vaults:1)
  2 ugly things
  A hornet (Swamp:1)
  A mana viper (Snake:2)
  An orc sorcerer (Orc:1)
  2 salamanders
  A centaur zombie (D:11)
  An elephant (Lair:3)
  A torpor snail (Lair:6)
  A vault sentinel (Vaults:1)
  2 guardian serpents
  6 black mambas
  2 naga magi (Snake:4)
  A spiny frog (Lair:4)
  A centaur skeleton (D:10)
  A yaktaur (Vaults:1)
  2 trolls (Orc:1)
  2 blink frogs (Lair:5)
  A yak (Lair:5)
  A bog body (Swamp:4)
  4 spriggans
  2 wargs (D:8)
  A swamp worm (Swamp:1)
  2 nagas (Snake:3)
  An ice beast (IceCv)
  A swamp drake (Swamp:4)
  4 orc warriors
  An ogre (Orc:2)
  2 wasps (Swamp:4)
  A jelly (D:14)
  3 orc priests (Orc:2)
  3 orc wizards
  A river rat (Lair:2)
  11 orcs
96 creatures vanquished.

Vanquished Creatures (others)
  A deep elf demonologist (Vaults:1)
  An unseen horror (Vaults:1)
  A spriggan (Swamp:4)
  An orc priest (Orc:1)
  6 orcs
  A quokka (D:5)
  65 fungi
  40 plants
116 creatures vanquished.

Grand Total: 1651 creatures vanquished

Notes
Turn   | Place    | Note
-------+----------+-------------------------------------------
     0 | D:1      | Television the Demonspawn Monk began the quest for the Orb.
     0 | D:1      | Reached XP level 1. HP: 18/18 MP: 1/1
   239 | D:1      | Reached skill level 3 in Unarmed Combat
   249 | D:1      | Gained mutation: You have a pair of small antennae on your head. [demonic ancestry]
   249 | D:1      | Reached XP level 2. HP: 18/24 MP: 2/2
   648 | D:2      | Gained mutation: Your flesh is heat resistant. (rF+) [demonic ancestry]
   648 | D:2      | Reached XP level 3. HP: 26/29 MP: 3/3
  1641 | D:2      | Gained mutation: You have a pair of antennae on your head. [demonic ancestry]
  1641 | D:2      | Reached XP level 4. HP: 37/37 MP: 4/4
  1685 | D:3      | Reached skill level 4 in Unarmed Combat
  1830 | D:3      | Found a hazy altar of Hepliaklqana.
  1894 | D:3      | Reached XP level 5. HP: 42/42 MP: 5/5
  1935 | D:3      | Noticed Terence
  2035 | D:3      | Killed Terence
  2536 | D:4      | Found an opulent altar of Gozag.
  2726 | D:4      | Found a staircase to the Ecumenical Temple.
  2733 | Temple   | Entered the Ecumenical Temple
  2754 | Temple   | Became a worshipper of Cheibriados the Contemplative
  2754 | Temple   | Reached * piety under Cheibriados
  2754 | Temple   | Reached ** piety under Cheibriados
  2862 | D:4      | Found a basalt altar of Yredelemnul.
  3251 | D:4      | Found a sparkling altar of Nemelex Xobeh.
  3377 | D:5      | Entered Level 5 of the Dungeon
  3378 | D:5      | Noticed an ogre
  3386 | D:5      | Noticed an ogre
  3396 | D:5      | HP: 1/43 [ogre/giant club (16)]
  3403 | D:5      | Killed an ogre
  3403 | D:5      | Reached skill level 5 in Unarmed Combat
  3403 | D:5      | Reached XP level 6. HP: 32/49 MP: 6/6
  3875 | D:6      | Gained mutation: You are surrounded by a mild repulsion field. (EV +2) [demonic ancestry]
  3875 | D:6      | Reached XP level 7. HP: 36/55 MP: 7/7
  4031 | D:6      | Found a blossoming altar of Fedhas.
  4039 | D:6      | Found an ancient bone altar of Kikubaaqudgha.
  4061 | D:6      | Reached *** piety under Cheibriados
  4114 | D:5      | Found Cuohepha's Assorted Antiques.
  4119 | D:5      | Bought a scroll labeled NUEVEI FIROSIC for 28 gold pieces
  4119 | D:5      | Bought a scroll labeled GIRGHU LAAZIJEE for 28 gold pieces
  4119 | D:5      | Bought a sedimented amethyst potion for 25 gold pieces
  4119 | D:5      | Bought a scroll labeled ZEMALEEXE for 28 gold pieces
  4119 | D:5      | Bought a scroll of identify for 56 gold pieces
  4139 | D:5      | Reached skill level 5 in Fighting
  4363 | D:5      | Reached skill level 6 in Unarmed Combat
  4382 | D:5      | Reached skill level 1 in Invocations
  4407 | D:5      | Reached skill level 1 in Armour
  4455 | D:5      | Gained mutation: You are somewhat resistant to further mutation. [potion of beneficial mutation]
  4614 | D:5      | Gained mutation: You are surrounded by a moderate repulsion field. (EV +3) [demonic ancestry]
  4614 | D:5      | Reached XP level 8. HP: 33/62 MP: 8/10
  4684 | D:5      | Found a white marble altar of Elyvilon.
  4751 | D:5      | Found a glowing golden altar of the Shining One.
  5264 | D:7      | Reached **** piety under Cheibriados
  5318 | D:7      | Got a slimy dagger
  5319 | D:7      | Identified the +9 dagger "Zuxuh" {flame, rN+} (You found it on level 7 of the Dungeon)
  5750 | D:7      | Reached skill level 7 in Unarmed Combat
  5750 | D:7      | Reached skill level 5 in Invocations
  5813 | D:7      | Found a white marble altar of Elyvilon.
  6159 | D:8      | Noticed a hippogriff
  6175 | D:8      | Killed a hippogriff
  6186 | D:8      | Gained mutation: A weak demonic guardian rushes to your aid. [demonic ancestry]
  6186 | D:8      | Reached XP level 9. HP: 50/68 MP: 13/13
  6373 | D:8      | Reached ***** piety under Cheibriados
  6425 | D:8      | Reached skill level 5 in Armour
  6426 | D:8      | Reached skill level 8 in Unarmed Combat
  6868 | D:8      | Gained mutation: You are immune to clouds of flame. [demonic ancestry]
  6868 | D:8      | Reached XP level 10. HP: 66/74 MP: 16/16
  6902 | D:8      | Found Atistuga's General Store.
  7256 | D:8      | Reached skill level 9 in Unarmed Combat
  7634 | D:8      | Reached skill level 5 in Dodging
  8222 | D:8      | Noticed an orc sorcerer
  8227 | D:8      | Killed an orc sorcerer
  8390 | D:9      | Found Omeigiet's Changing Room.
  8642 | D:9      | Reached ****** piety under Cheibriados
  8695 | D:9      | Gained mutation: You have a pair of large antennae on your head. (SInv) [demonic ancestry]
  8695 | D:9      | Reached XP level 11. HP: 25/81 MP: 17/17
  9128 | D:10     | Entered Level 10 of the Dungeon
  9269 | D:10     | Noticed a death yak
  9281 | D:10     | Reached skill level 10 in Unarmed Combat
  9282 | D:10     | Found a staircase to the Lair.
  9297 | Lair:1   | Entered Level 1 of the Lair of Beasts
 10511 | Lair:2   | Noticed Fannar
 10533 | Lair:2   | Killed Fannar
 11362 | Lair:3   | Noticed a death yak
 11362 | Lair:3   | Noticed a death yak
 11362 | Lair:3   | Noticed a death yak
 11362 | Lair:3   | Noticed a death yak
 11362 | Lair:3   | Noticed a death yak
 11375 | Lair:2   | Killed a death yak
 11388 | Lair:2   | Killed a death yak
 11388 | Lair:2   | Reached skill level 11 in Unarmed Combat
 11388 | Lair:2   | Reached XP level 12. HP: 16/91 MP: 18/18
 11648 | Lair:3   | Found a staircase to the Swamp.
 12048 | Lair:3   | Found a staircase to the Snake Pit.
 12530 | Lair:3   | Killed a death yak
 12550 | Lair:3   | Killed a death yak
 12558 | Lair:3   | Killed a death yak
 12652 | Lair:3   | Reached skill level 10 in Dodging
 12936 | Snake:1  | Entered Level 1 of the Snake Pit
 12936 | Snake:1  | Found Raod's Distillery.
 12936 | Snake:1  | Noticed an anaconda
 12949 | Snake:1  | Killed an anaconda
 13151 | Snake:1  | Found Zipnuad's Gadget Boutique.
 13154 | Snake:1  | Bought a potion of heal wounds for 90 gold pieces
 13412 | Snake:1  | Reached skill level 12 in Unarmed Combat
 13642 | Snake:1  | Gained mutation: Your demonic aura causes spilled blood to erupt in flames. [demonic ancestry]
 13642 | Snake:1  | Reached XP level 13. HP: 72/96 MP: 19/19
 13723 | Lair:4   | Found a frozen archway.
 13745 | IceCv    | Entered an ice cave
 14048 | IceCv    | Got a translucent plate armour
 14059 | IceCv    | Identified the +6 plate armour of the Pit {Dex+4} (You found it in an ice cave)
 14373 | Lair:4   | Got a shimmering scale mail
 14384 | Lair:4   | Identified the +1 scale mail "Mocibro" {MR+} (You found it on level 4 of the Lair of Beasts)
 14501 | Lair:4   | Noticed Josephine
 14511 | Lair:4   | Killed Josephine
 15356 | Lair:5   | Identified a scroll of acquirement
 15782 | D:10     | Learned a level 2 spell: Blink
 15785 | D:10     | Learned a level 2 spell: Repel Missiles
 15848 | D:10     | Reached skill level 1 in Spellcasting
 16173 | D:9      | Bought the Almanac of Moulding for 1012 gold pieces
 16181 | D:9      | Learned a level 6 spell: Statue Form
 16183 | D:9      | Bought a book of Changes for 400 gold pieces
 16189 | D:9      | Learned a level 5 spell: Blade Hands
 16255 | D:11     | Found a staircase to the Orcish Mines.
 16266 | D:11     | Noticed Sonja
 16271 | D:11     | Killed Sonja
 16271 | D:11     | Reached skill level 1 in Transmutations
 16483 | D:11     | Learned a level 2 spell: Sticks to Snakes
 16899 | D:11     | Got a pair of steaming gloves
 16910 | D:11     | Identified the +0 pair of gloves of the Morning {rElec rC+} (You acquired it on level 11 of the Dungeon)
 16980 | D:11     | Found an ancient bone altar of Kikubaaqudgha.
 17820 | D:12     | Gained mutation: A demonic guardian rushes to your aid. [demonic ancestry]
 17820 | D:12     | Reached XP level 14. HP: 103/103 MP: 21/21
 17941 | D:13     | Noticed Rupert
 17946 | D:13     | Killed Rupert
 17949 | D:13     | Reached skill level 5 in Spellcasting
 18020 | D:13     | Reached skill level 5 in Transmutations
 18282 | D:13     | Found a gate to the Vaults.
 18867 | D:14     | Reached skill level 1 in Translocations
 19223 | D:14     | Noticed Kirke
 19505 | D:14     | Killed Kirke
 19632 | D:14     | Reached skill level 1 in Bows
 19664 | D:15     | Entered Level 15 of the Dungeon
 19674 | D:15     | Found a blossoming altar of Fedhas.
 19805 | D:15     | Got a slimy scale mail
 19816 | D:15     | Identified the cursed +1 scale mail "Joenifeh" {rF+ SInv} (You found it on level 15 of the Dungeon)
 19900 | D:15     | Found a sparkling altar of Nemelex Xobeh.
 20232 | D:15     | Gained mutation: You have an increased reservoir of magic. (+10% MP) [mutagenic meat]
 20256 | D:15     | Gained mutation: Your muscles are strong. (Str +2) [mutagenic meat]
 20259 | D:15     | Gained mutation: You have sharp toenails. [mutagenic meat]
 20487 | D:15     | Found a staircase to the Depths.
 20487 | D:15     | Noticed a frost giant
 20496 | D:15     | Killed a frost giant
 20496 | D:15     | Reached skill level 5 in Translocations
 20618 | D:15     | Reached XP level 15. HP: 67/108 MP: 27/27
 21128 | D:11     | Learned a level 4 spell: Control Undead
 21133 | D:11     | Learned a level 4 spell: Animate Dead
 21621 | Lair:6   | Entered Level 6 of the Lair of Beasts
 21972 | Lair:6   | Got a heavily runed scale mail
 21983 | Lair:6   | Identified the cursed +0 scale mail of the Komodo Dragon {rElec rPois Int+2 Stlth+} (You found it on level 6 of the Lair of Beasts)
 22247 | Lair:6   | Reached skill level 5 in Bows
 22422 | Lair:6   | Found a staircase to the Slime Pits.
 22901 | Orc:1    | Entered Level 1 of the Orcish Mines
 23075 | Orc:1    | Found a roughly hewn altar of Beogh.
 23166 | Orc:2    | Entered Level 2 of the Orcish Mines
 23166 | Orc:2    | Noticed Azrael
 23395 | Orc:2    | Killed Azrael
 24032 | Orc:2    | Reached skill level 10 in Transmutations
 24052 | Orc:2    | Found a staircase to the Elven Halls.
 24579 | Orc:2    | Found a roughly hewn altar of Beogh.
 24581 | Orc:2    | Found Masazywn's General Store.
 24591 | Orc:2    | Found Cusavufa's Distillery.
 24662 | Orc:2    | Reached skill level 13 in Unarmed Combat
 24938 | Orc:2    | Noticed an orc warlord
 24958 | Orc:2    | Killed an orc warlord
 25056 | Orc:2    | Found Ydadghaon's Antique Armour Boutique.
 25110 | Orc:2    | Gained mutation: You are dopey. (Int -2) [a neqoxec]
 25241 | Orc:2    | Found a roughly hewn altar of Beogh.
 25497 | Orc:2    | Found Yhanutio's Book Shop.
 25555 | Orc:2    | Bought a runed plate armour for 782 gold pieces
 26102 | Snake:1  | Gained mutation: You have supernaturally acute eyesight. (SInv) [potion of beneficial mutation]
 26286 | Snake:1  | Gained mutation: You resist negative energy. (rN+) [demonic ancestry]
 26286 | Snake:1  | Reached XP level 16. HP: 44/115 MP: 28/28
 27487 | Snake:2  | Noticed Roxanne
 27500 | Snake:2  | Killed Roxanne
 28407 | Snake:2  | Noticed Aizul
 28433 | Snake:2  | Killed Aizul
 28817 | Snake:2  | Noticed Vashnia
 29198 | Snake:2  | Killed Vashnia
 29198 | Snake:2  | Reached skill level 14 in Unarmed Combat
 29514 | Snake:2  | Reached skill level 10 in Bows
 30138 | Snake:3  | Found Mihuethre's Book Shop.
 30397 | Snake:3  | Reached XP level 17. HP: 60/124 MP: 29/29
 30936 | Snake:4  | Entered Level 4 of the Snake Pit
 30958 | Snake:4  | Reached skill level 10 in Armour
 32788 | Snake:4  | Reached skill level 15 in Unarmed Combat
 34768 | Snake:4  | Reached XP level 18. HP: 131/134 MP: 30/30
 34878 | Snake:4  | Reached skill level 10 in Fighting
 35089 | Snake:4  | Got a serpentine rune of Zot
 35634 | Snake:1  | Bought a potion of magic for 144 gold pieces
 35982 | Swamp:1  | Entered Level 1 of the Swamp
 36195 | Swamp:1  | Reached skill level 16 in Unarmed Combat
 38378 | Swamp:4  | Entered Level 4 of the Swamp
 39174 | Swamp:4  | Reached XP level 19. HP: 104/144 MP: 31/31
 39343 | Swamp:4  | HP: 6/144 [spriggan berserker/rapier of freezing (32)]
 40722 | Swamp:4  | Got a decaying rune of Zot
 41016 | Vaults:1 | Entered Level 1 of the Vaults
 41465 | Vaults:1 | Noticed a Tzitzimitl
 42870 | Vaults:1 | Noticed Donald
 42885 | Vaults:1 | HP: 5/146 [Donald/scimitar of holy wrath (16)]
 42885 | Vaults:1 | Mangled by Donald

Vault maps used:
D:1:      dpeg_arrival_tiny_a
D:3:      lemuel_crystal_altar, uniq_terence
D:4:      nicolae_overflow_hidden_temple, first_bread
D:5:      tso_oasis_becter, serial_shops, shop, minmay_misc_feat_columns,
          elyvilon_altar_4
D:6:      grunt_temple_overflow_growth_and_decay, kennysheep_generic_room_8
D:7:      old_standard_altar
D:8:      lemuel_castle_with_subvaults, serial_shops, shop, david_nohive_1
D:9:      nicolae_transmutations_shop
D:10:     dpeg_lair_monsters, st_stairs_13
D:11:     cheibrodos_frozen_isle, orc_0_dummy,
          lemuel_mausoleum_altar_kikubaaqudgha, uniq_sonja
D:13:     david_vaults_5, ice2_lemuel, uniq_rupert
D:14:     minivault_24, hangedman_abyss_or_decor_passed, uniq_kirke
D:15:     grunt_enter_depths_snipers, basic_altar, hangedman_decor_peaks_small,
          fedhas_altar_2
Temple:   nicolae_temple_figure_eight
Lair:2:   grunt_megastairs_3, serial_bayou_shore_a, lemuel_fruit_tree,
          uniq_fannar
Lair:3:   mu_elephants_graveyard, swamp_mist
Lair:4:   portal_ice_cave_entry_pillars_1, serial_bayou_lake_a, uniq_josephine
Lair:5:   minmay_stone_trees_medium, minivault_11, infiniplex_staircase_pool_2
Lair:6:   minmay_lair_end_enchanted_forest, slime_dummy
Swamp:1:  evilmike_swamp_ruin_house_3, swamp_pool3
Swamp:2:  nicolae_swamp_fairy_circle
Swamp:3:  hangedman_swamp_ruin_wall, infiniplex_staircase_pool
Swamp:4:  swamp_basic_johnstein, swamp_pool1
Snake:1:  hangedman_cross_veins, special_room, minmay_shop_star
Snake:2:  uniq_vashnia, uniq_roxanne, uniq_aizul
Snake:3:  serial_shops, nicolae_shop_stone, grunt_megastairs_1
Snake:4:  snake_pit_salamanders_mu
Orc:1:    basic_altar
Orc:2:    pubby_orc_utopia, serial_shops, uniq_azrael
Vaults:1: vaults_dpeg_diagonal, v_alt_pattern_3, v_pattern_4,
          ontoclasm_vaults_ring_small, hangedman_vaults_cutoff,
          vaults_standard_mumra_lines, v_misc_15, v_misc_11,
          nicolae_vaults_network_star, dpeg_vaults_waves,
          vaults_room_ringed_pool, nicolae_vaults_mini_display_case,
          nicolae_vaults_rhombus_6, uniq_donald
IceCv:    ice_cave_statue_garden_chambered

Skill      XL: |  1  2  3  4  5  6  7  8  9 10 11 12 13 14 15 16 17 18 19 |
---------------+----------------------------------------------------------+-----
Unarmed Combat | 3 4 5 6 7 8 9 11 12 13 14 15 16 | 16.1
Fighting       | 4 5 6 7 8 9 11 12 | 12.1
Dodging        | 3 4 5 7 11 12 13 | 13.9
Invocations    | 2 6 8 9 |  9.3
Armour         | 1 4 6 7 8 9 11 13 | 13.2
Spellcasting   | 4 6 |  6.5
Transmutations | 4 8 10 11 | 11.1
Translocations | 5 |  5.6
Bows           | 3 7 10 12 13 | 13.1
Stealth        | |  1.7

Action                   |  1- 3 |  4- 6 |  7- 9 | 10-12 | 13-15 | 16-18 | 19-21 || total
-------------------------+-------+-------+-------+-------+-------+-------+-------++-------
Melee: Unarmed           |   118 |   192 |   418 |  1067 |  1654 |  1297 |   555 ||  5301
       Punch             |       |     3 |    21 |   111 |   183 |   181 |    78 ||   577
       Kick              |       |       |       |       |   427 |   775 |   342 ||  1544
 Fire: Longbow           |       |       |       |       |       |    13 |       ||    13
 Cast: Blink             |       |       |       |       |     2 |     4 |       ||     6
       Blade Hands       |       |       |       |       |       |     1 |       ||     1
Invok: Slouch            |       |       |     2 |       |       |       |       ||     2
 Abil: Evoke Berserk Rag |       |     2 |       |       |       |       |       ||     2
Evoke: Wand              |       |     1 |     2 |     8 |     3 |     3 |     1 ||    18
  Use: Scroll            |       |     6 |    14 |    10 |    25 |     9 |     3 ||    67
       Potion            |       |     2 |     1 |     2 |     4 |     6 |     2 ||    17
 Stab: Sleeping          |    16 |     1 |       |       |       |       |       ||    17
       Confused          |       |       |     2 |       |       |       |       ||     2
       Distracted        |       |       |       |    14 |    10 |     7 |     4 ||    35
  Eat: Chunk             |     2 |     7 |     6 |    13 |    25 |     5 |       ||    58
       Pizza             |       |       |       |     1 |     2 |     1 |       ||     4
       Royal jelly       |       |       |       |       |     2 |     7 |     1 ||    10
       Bread ration      |       |       |       |       |     1 |       |     1 ||     2
       Beef jerky        |       |       |       |       |     1 |     1 |       ||     2
Armor: Robe              |    31 |     3 |       |       |       |       |       ||    34
       Leather armour    |       |    22 |       |       |       |       |       ||    22
       Ring mail         |       |    17 |       |       |       |       |       ||    17
       Chain mail        |       |    24 |   151 |   370 |    24 |       |       ||   569
       Plate armour      |       |       |       |       |   494 |   574 |   178 ||  1246
Dodge: Dodged            |    69 |   108 |   298 |  1019 |  2065 |  1802 |   613 ||  5974
